 Dungeon Crawl Stone Soup version 0.23-a0-384-g3a68796 (webtiles) character file.

2354 BingusPrime the Quickloader (level 9, -11/82 HPs)
             Began as a Deep Dwarf Hunter on Oct 27, 2018.
             Was a Follower of Makhleb.
             Killed from afar by a deep elf mage (45 damage)
             ... with a bolt of magma
             ... on level 7 of the Dungeon.
             The game lasted 00:19:53 (4655 turns).

BingusPrime the Quickloader (Deep Dwarf Hunter)     Turns: 4655, Time: 00:19:54

Health: -11/82     AC:  6    Str: 16    XL:     9   Next: 20%
Magic:  7/7        EV: 13    Int: 13    God:    Makhleb [*.....]
Gold:   334        SH:  0    Dex: 15    Spells: 8/8 levels left

rFire    x . .     SeeInvis .   a - +1 hand crossbow
rCold    + . .     Gourm    .   (no shield)
rNeg     . . .     Faith    .   c - +0 leather armour
rPois    +         Spirit   .   (no helmet)
rElec    .         Reflect  .   u - +2 cloak
rCorr    .         Harm     .   (no gloves)
MR       +....                  (no boots)
Stlth    ++........             (no amulet)
HPRegen  0.00/turn              g - ring of ice
MPRegen  0.10/turn              n - ring of poison resistance

@: non-regenerating, drained
A: damage resistance, heal wounds, sense surroundings 2, no regeneration
a: Heal Wounds, Renounce Religion


You were on level 7 of the Dungeon.
You worshipped Makhleb.
Makhleb was aware of your devotion.
You were not hungry.

You visited 2 branches of the dungeon, and saw 8 of its levels.
You also visited: Ossuary.

You collected 373 gold pieces.
You spent 39 gold pieces at shops.

Inventory:

Hand Weapons
 a - a +1 hand crossbow (weapon)
 h - a +0 short sword of freezing
 p - a +0 hand axe
 v - a +0 war axe
Missiles
 d - 25 bolts (quivered)
 m - 5 needles of sleeping
 r - 6 javelins
 t - 13 poisoned needles
 K - 4 needles of confusion
Armour
 c - a +0 leather armour (worn)
 u - a +2 cloak (worn)
Jewellery
 g - a ring of ice (left hand)
 n - a ring of poison resistance (right hand)
Wands
 D - a wand of iceblast (7)
 E - a wand of polymorph (29)
 G - a wand of clouds (7)
Scrolls
 b - 4 scrolls of teleportation
 l - a scroll of fear
 q - a scroll of amnesia
 w - a scroll of immolation
 y - 4 scrolls of identify
 B - 2 scrolls of remove curse {unknown}
 C - a scroll of enchant armour {unknown}
 H - a scroll of enchant weapon {unknown}
 I - a scroll of noise {unknown}
 J - a scroll of blinking {unknown}
Potions
 e - 2 potions of mutation {unknown}
 i - a potion of magic
 j - 3 potions of agility
 k - 2 potions of invisibility
 o - 6 potions of flight
 s - 3 potions of heal wounds
 x - a potion of lignification {unknown}
 z - 3 potions of curing {unknown}
 A - a potion of brilliance {unknown}
 F - 2 potions of haste {unknown}
Comestibles
 f - 12 rations


   Skills:
 * Level 5.9(5.2) Fighting
 + Level 5.3(4.7) Axes
 * Level 10.0(9.4) Crossbows
 + Level 0.2(0.0) Throwing
 + Level 3.1(2.5) Armour
 + Level 3.8(3.2) Dodging
 + Level 1.8(1.2) Stealth


You had 8 spell levels left.
You didn't know any spells.
Your spell library contained the following spells:

 Spells                   Type           Power        Failure   Level  Hunger
 Magic Dart               Conj           #...         36%         1    ##.....
 Blink                    Tloc           N/A          50%         2    ###....
 Call Imp                 Summ           #.......     50%         2    ###....
 Slow                     Hex            #.......     50%         2    ###....
 Conjure Flame            Conj/Fire      #.......     73%         3    ####...
 Mephitic Cloud           Conj/Pois/Air  #.......     73%         3    ####...


Dungeon Overview and Level Annotations

Branches:
Dungeon (7/15)             Temple (1/1) D:4

Altars:
Dithmenos
Elyvilon
Gozag
Kikubaaqudgha
Makhleb
Nemelex Xobeh
Qazlal
Sif Muna
Trog
Wu Jian
Xom
Zin
The Shining One

Shops:
D:6 (

Annotations:
D:6 3 runed doors, mageonly's ghost, novice DrFE; tuf08440's ghost, novice GrFi


Innate Abilities, Weirdness & Mutations

You are resistant to damage.
You can heal yourself by infusing magical energy.
You passively map the area around you.
You do not regenerate.


Message History

Press: ? - help, Shift-Dir - straight line, f/p - deep elf mage
Aim: a deep elf mage, wielding a +0 dagger (heavily wounded)
You shoot a bolt.
The bolt closely misses the deep elf mage.
The yak closely misses you. The deep elf mage misses you.
A crimson imp comes into view.
Firing (i - inventory. (/) - cycle)
d - 26 bolts (quivered)
Press: ? - help, Shift-Dir - straight line, f/p - deep elf mage
Aim: a deep elf mage, wielding a +0 dagger (heavily wounded)
You shoot a bolt. The bolt hits the deep elf mage!
The deep elf mage is almost dead.
The yak closely misses you.
The deep elf mage hits you but does no damage.
The crimson imp blinks!
The earth elemental hits you!!!
* * * LOW HITPOINT WARNING * * *
You feel much better. The yak gores you but does no damage.
The deep elf mage points at you and mumbles some strange words.
The bolt of magma hits you! The lava burns you terribly!
Ouch! That really hurt!
You die... ,, , , ..... * , , , ,,,..... ## ##* , .### * *.. .. , ,,+.. * * .###§ ,#.. , *#Ch.# , , , , ,#.. , #{EY# #########.. *, #EYe#

, #..........
*.#####@######......##..
#............#......##..
#....5.......##≈≈.≈≈##..
#..............≈#'#≈.#..
#..............≈#_#≈.+..
########.......≈###≈.###
#.......≈≈≈≈≈.#
#........... .#
#.............*


You could see a cyclops, 2 earth elementals, a deep elf mage, a yak, an ice
beast, a hound and a crimson imp.

Vanquished Creatures
  Pikel (D:4)
  Sigmund (D:4)
  Menkaure (D:4)
  A slave (Temple)
  2 ice beasts (D:6)
  A black bear (D:6)
  An ogre (D:5)
  A phantom (D:7)
  Blork the orc (D:4)
  3 water moccasin zombies (Ossuary)
  2 scorpions
  3 wights (D:6)
  A bullfrog zombie (D:5)
  2 hounds
  A jelly (D:3)
  2 orc priests
  8 orc wizards
  Jessica (D:2)
  An iguana (D:4)
  3 big kobold zombies (Ossuary)
  2 hound skeletons (D:4)
  2 mummies (Ossuary)
  A howler monkey skeleton (D:4)
  5 adders
  2 oozes (D:1)
  2 adder zombies
  3 worms
  A dart slug (D:4)
  2 leopard geckos
  13 orcs
  A ball python (D:2)
  9 bats
  4 giant cockroaches
  3 goblins
  6 hobgoblins
  4 jackals
  7 kobolds
  2 quokkas (D:5)
  10 frilled lizards
  4 gnoll zombies (Ossuary)
  4 hobgoblin zombies (Ossuary)
  A jackal zombie (D:5)
  4 kobold zombies (Ossuary)
  A leopard gecko skeleton (D:4)
  A leopard gecko zombie (D:5)
  5 orc zombies (Ossuary)
  A quokka zombie (D:5)
  10 rats
147 creatures vanquished.

Vanquished Creatures (others)
  2 withered plants (D:6)
2 creatures vanquished.

Grand Total: 149 creatures vanquished

Notes
Turn   | Place    | Note
-------+----------+-------------------------------------------
     0 | D:1      | BingusPrime the Deep Dwarf Hunter began the quest for the
                  | Orb.
     0 | D:1      | Reached XP level 1. HP: 19/19 MP: 1/1
    95 | D:1      | Reached XP level 2. HP: 26/26 MP: 2/2
   241 | D:1      | Reached skill level 5 in Crossbows
   377 | D:1      | Reached XP level 3. HP: 32/32 MP: 3/3
  1133 | D:2      | Noticed Jessica
  1136 | D:2      | Killed Jessica
  1136 | D:2      | Reached XP level 4. HP: 39/39 MP: 4/4
  1556 | D:2      | Reached skill level 6 in Crossbows
  1734 | D:3      | Reached skill level 1 in Armour
  1734 | D:3      | Reached XP level 5. HP: 41/45 MP: 5/5
  2331 | D:4      | Noticed Menkaure
  2341 | D:4      | Killed Menkaure
  2341 | D:4      | Reached skill level 7 in Crossbows
  2341 | D:4      | Reached XP level 6. HP: 26/55 MP: 6/6
  2360 | D:4      | Found a sand-covered staircase.
  2365 | Ossuary  | Entered an ossuary
  2422 | Ossuary  | Reached skill level 1 in Axes
  2504 | Ossuary  | Reached XP level 7. HP: 25/62 MP: 7/7
  2585 | Ossuary  | HP: 1/62 [mummy (8)]
  2672 | D:4      | Noticed Blork the orc
  2681 | D:4      | Killed Blork the orc
  2719 | D:4      | Noticed Sigmund
  2748 | D:4      | Killed Sigmund
  2904 | D:4      | Found a staircase to the Ecumenical Temple.
  2920 | Temple   | Entered the Ecumenical Temple
  2950 | Temple   | Became a worshipper of Makhleb the Destroyer
  2971 | D:4      | Noticed Pikel
  2987 | D:4      | Killed Pikel
  2987 | D:4      | Reached skill level 8 in Crossbows
  2987 | D:4      | Reached XP level 8. HP: 50/73 MP: 6/6
  3213 | D:5      | Entered Level 5 of the Dungeon
  3309 | D:5      | Reached skill level 5 in Fighting
  3309 | D:5      | Reached skill level 9 in Crossbows
  3381 | D:5      | Found a shadowy altar of Dithmenos.
  3392 | D:5      | Found a sparkling altar of Nemelex Xobeh.
  3408 | D:5      | Found a sparkling altar of Nemelex Xobeh.
  3408 | D:5      | Found a shimmering altar of Xom.
  3420 | D:5      | Found a bloodstained altar of Trog.
  3603 | D:5      | Reached * piety under Makhleb
  3931 | D:6      | Found Fikk's Weapon Boutique.
  3939 | D:6      | Bought 15 bolts for 39 gold pieces
  4162 | D:6      | Found a runed gate.
  4162 | D:6      | Found a runed gate.
  4163 | D:6      | Found a runed gate.
  4181 | D:6      | Noticed tuf08440's ghost (novice GrFi)
  4183 | D:6      | Noticed mageonly's ghost (novice DrFE)
  4230 | D:6      | Gained mutation: You passively map the area around you.
                  | [Deep Dwarf growth]
  4230 | D:6      | Reached XP level 9. HP: 44/81 MP: 7/7
  4310 | D:6      | Reached skill level 10 in Crossbows
  4586 | D:7      | Reached skill level 5 in Axes
  4637 | D:7      | Found a white marble altar of Elyvilon.
  4646 | D:7      | Noticed a deep elf mage
  4651 | D:7      | Noticed a cyclops
  4655 | D:7      | Killed from afar by a deep elf mage

Vault maps used:
D:1:      noname_arrival_rooms_in_the_neighbourhood
D:2:      uniq_jessica
D:3:      first_ration, minmay_checkerbox
D:4:      minmay_temple_entry_nine_rooms, enter_ossuary_5, uniq_menkaure,
          uniq_pikel, uniq_blork_the_orc, uniq_sigmund
D:5:      chequers_temple_overflow_statue_of_worship, basic_altar,
          minmay_tree_intersection, grunt_ministairs_1,
          nemelex_diamond_rough_becter
D:6:      gammafunk_ghost_cemetery, serial_shops, shop,
          minmay_misc_feat_more_columns
D:7:      minmay_blocky_corners, kennysheep_mini_moat
Temple:   eino_temple_rhombus
Ossuary:  ossuary_tomb_2

Skill      XL: |  1  2  3  4  5  6  7  8  9 |
---------------+----------------------------+-----
Fighting       | 2 3 4 5 |  5.9
Crossbows      | 5 6 7 8 9 10 | 10.0
Armour         | 1 2 3 |  3.1
Axes           | 1 4 5 |  5.3
Dodging        | 3 |  3.8
Throwing       | |  0.2
Stealth        | |  1.8

Action                   |  1- 3 |  4- 6 |  7- 9 || total
-------------------------+-------+-------+-------++-------
Melee: Short sword       |     9 |       |       ||     9
       Hand axe          |       |    28 |     7 ||    35
       War axe           |       |    83 |   120 ||   203
 Fire: Hand crossbow     |    81 |    57 |   165 ||   303
Throw: Javelin           |       |     1 |     5 ||     6
 Abil: Heal Wounds       |       |     4 |     9 ||    13
  Use: Scroll            |       |     9 |       ||     9
       Potion            |       |       |     1 ||     1
 Stab: Sleeping          |     1 |     1 |     1 ||     3
  Eat: Chunk             |       |     4 |     8 ||    12
Armor: Leather armour    |     9 |    42 |    47 ||    98
Dodge: Dodged            |    22 |    81 |   137 ||   240

Table legend:
 A = Non-vault XP
 B = Vault XP
 C = Vault XP percentage of total XP
 D = Non-vault monster count
 E = Vault monster count
 F = Vault count percentage of total count
                 A         B        C        D         E       F
            +---------+---------+-------+---------+---------+-------
      Total |    1759 |    1605 |  47.7 |     109 |      37 |  25.3
            +---------+---------+-------+---------+---------+-------
        D:1 |      56 |       0 |   0.0 |      28 |       0 |   0.0
        D:2 |      45 |      37 |  45.1 |      14 |       1 |   6.7
        D:3 |      66 |      46 |  41.1 |      13 |       4 |  23.5
        D:4 |     219 |    1122 |  83.7 |      15 |       4 |  21.1
        D:5 |     479 |      15 |   3.0 |      21 |       2 |   8.7
        D:6 |     658 |       0 |   0.0 |      14 |       0 |   0.0
        D:7 |     236 |       0 |   0.0 |       4 |       0 |   0.0
    Ossuary |       0 |     385 | 100.0 |       0 |      26 | 100.0
            +---------+---------+-------+---------+---------+-------
